 Dungeon Crawl Stone Soup version 0.23.2-1-ga50397a (webtiles) character file.

Game seed: 11191047017852172049

204 VAZYLA the Sneak (level 5, 0/36 HPs)
             Began as a Vampire Assassin on May 25, 2019.
             Slain by Menkaure (17 damage)
             ... on level 4 of the Dungeon on May 27, 2019.
             The game lasted 00:14:23 (6332 turns).

VAZYLA the Sneak (Vampire Assassin)                 Turns: 6332, Time: 00:14:24

Health: 0/36       AC:  9    Str: 10    XL:     5   Next: 52%
Magic:  5/5        EV: 11    Int: 12    God:
Gold:   142        SH:  0    Dex: 16    Spells: 4/4 levels left

rFire    . . .     SeeInvis +   a - +2 dagger
rCold    + + .     Gourm    .   (no shield)
rNeg     + + +     Faith    .   j - +0 ring mail
rPois    ∞         Spirit   .   (no helmet)
rElec    .         Reflect  .   d - +0 cloak
rCorr    .         Harm     .   (no gloves)
MR       .....                  r - +0 pair of boots
Stlth    +++++.....             (no amulet)
HPRegen  0.00/turn              (no ring)
MPRegen  0.09/turn              (no ring)

@: bloodless, non-regenerating
A: fangs 3, molten scales 1, see invisible, dopey 1, frail 1, unbreathing
a: Bat Form


You were on level 4 of the Dungeon.
You were bloodless.

You visited 1 branch of the dungeon, and saw 4 of its levels.

You collected 142 gold pieces.

Inventory:

Hand Weapons
 a - a +2 dagger (weapon)
 b - a +0 blowgun
Missiles
 e - 14 poisoned needles
 f - 2 curare-tipped needles
 g - 81 stones (quivered)
 l - 10 tomahawks
Armour
 c - a +0 robe
 d - a +0 cloak (worn)
 j - a +0 ring mail (worn)
 r - a +0 pair of boots (worn)
Jewellery
 t - an uncursed amulet of guardian spirit
 w - a +4 ring of intelligence {unknown}
Scrolls
 h - 3 scrolls of remove curse
 n - a scroll of immolation {unknown}
 o - 3 scrolls of identify
Potions
 i - a potion of haste {unknown}
 k - 2 potions of heal wounds {unknown}
 m - 2 potions of curing
 p - a potion of magic {unknown}
 q - a potion of blood
 s - a potion of degeneration {unknown}
 u - a potion of lignification {unknown}
 v - 2 potions of flight
 x - 2 potions of ambrosia
 z - a potion of agility {unknown}


   Skills:
 + Level 2.8 Fighting
 + Level 3.4 Short Blades
 + Level 2.5 Throwing
 + Level 2.7 Dodging
 + Level 7.0 Stealth


You had 4 spell levels left.
You didn't know any spells.
Your spell library contained the following spells:

 Spells                   Type           Power        Failure   Level  Hunger
 Animate Skeleton         Necr           N/A          65%         1    ##.....
 Apportation              Tloc           #.....       65%         1    ##.....
 Confusing Touch          Hex            #.....       65%         1    ##.....
 Summon Small Mammal      Summ           #...         65%         1    ##.....


Dungeon Overview and Level Annotations

Branches:
Dungeon (4/15)
 Temple: D:4-7

Altars:
Wu Jian
Zin

Shops:
D:2 *

Annotations:
D:2 Grinder
D:4 Dowan, Duvessa, Menkaure


Innate Abilities, Weirdness & Mutations

You do not heal naturally.
You are immune to poison.
You have razor-sharp teeth.
You have supernaturally acute eyesight. (SInv)
You can survive without breathing.
You are partially covered in molten scales. (AC +2)
You are dopey. (Int -2)
You are frail. (-10% HP)


Message History

The microbat hits you but does no damage.
Menkaure misses you.
You hit Menkaure.
Menkaure is moderately damaged.
The microbat barely misses you.
You hit Menkaure but do no damage.
Menkaure is moderately damaged.
The microbat hits you but does no damage.
Menkaure barely misses you.
You hit Menkaure. You bite Menkaure.
Menkaure is heavily damaged.
The microbat hits you but does no damage.
Menkaure hits you.
You closely miss Menkaure. You bite Menkaure.
Menkaure is heavily damaged.
The microbat hits you but does no damage.
You barely miss Menkaure.
Menkaure is heavily damaged.
The microbat closely misses you. Menkaure hits you!
You die...

..##################.###...
.......................(...#
......######.#.#.#.#.#.#.#.#
>...........#.#.#.#.#(#.#.#
#.....##.###.#.#.#.#a#.#.#
#.....##.##.#.#.#.#Z#.#.#
#.....##.###.#.#.#F#.#.#
#.....##.##.#.#.#M#.#)#
########.###.#.#@#.#.#
########.##.#.#.#.#.#.#
#........###.#.#.#<#.#.#
#.#########.#.#.#.#.#.#.#
#.# ##.#.#.# #.#.#.# #.#####
#.#.#.# #.#.#.# ......#
##.#.# #.#.#.# #.###.# .#.#
#.#.#. #.# #.# .#.#.# #.#.#.


You could see Menkaure, a bullfrog, a worker ant and a skeletal bat.

Vanquished Creatures
  An orc priest (D:4)
  A worker ant (D:4)
  6 adders
  An ooze (D:2)
  2 worms
  A dart slug (D:1)
  2 leopard geckos
  10 orcs
  4 giant cockroaches
  6 goblins
  7 hobgoblins
  4 jackals (D:2)
  3 quokkas
  4 ball pythons
  5 bats
  5 frilled lizards
  5 kobolds
  7 rats
74 creatures vanquished.

Notes
Turn   | Place    | Note
-------+----------+-------------------------------------------
     0 | D:1      | VAZYLA the Vampire Assassin began the quest for the Orb.
     0 | D:1      | Reached XP level 1. HP: 16/16 MP: 1/1
   434 | D:1      | Reached skill level 6 in Stealth
   520 | D:1      | Reached XP level 2. HP: 22/22 MP: 2/2
   808 | D:2      | Reached XP level 3. HP: 27/27 MP: 3/3
   994 | D:2      | Found an ornate altar of the Wu Jian Council.
  1116 | D:2      | Found Zin's Purification Station.
  1121 | D:2      | Found a glowing silver altar of Zin.
  1595 | D:3      | Reached XP level 4. HP: 34/34 MP: 4/4
  2072 | D:3      | Noticed Grinder
  3137 | D:3      | Paralysed by Grinder for 7 turns
  3146 | D:3      | Paralysed by Grinder for 3 turns
  3873 | D:3      | Found a faded altar of an unknown god.
  4654 | D:4      | Noticed Menkaure
  4658 | D:4      | Noticed a bullfrog
  4659 | D:4      | Noticed Dowan
  4661 | D:4      | Noticed Duvessa
  5390 | D:4      | HP: 1/34 [worker ant (6)]
  5404 | D:4      | Reached XP level 5. HP: 3/39 MP: 5/5
  6133 | D:4      | Gained mutation: You are dopey. (Int -2) [potion of
                  | mutation]
  6133 | D:4      | Gained mutation: You are frail. (-10% HP) [potion of
                  | mutation]
  6133 | D:4      | Gained mutation: You are partially covered in molten
                  | scales. (AC +2) [potion of mutation]
  6224 | D:4      | Reached skill level 7 in Stealth
  6332 | D:4      | Slain by Menkaure

Skill      XL: |  1  2  3  4  5 |
---------------+----------------+-----
Stealth        | 6 7 |  7.0
Fighting       | 2 |  2.8
Throwing       | 2 |  2.5
Dodging        | 2 |  2.7
Short Blades   | 3 |  3.4

Action                   |  1- 3 |  4- 6 || total
-------------------------+-------+-------++-------
Melee: Dagger            |   102 |   199 ||   301
       Bite              |     5 |    21 ||    26
 Fire: Blowgun           |       |    18 ||    18
 Abil: End Transformatio |       |     3 ||     3
       Bat Form          |       |     3 ||     3
  Use: Scroll            |     2 |     7 ||     9
       Potion            |       |    10 ||    10
 Stab: Sleeping          |    11 |     2 ||    13
Armor: Ring mail         |    28 |   104 ||   132
       Robe              |     1 |       ||     1
Dodge: Dodged            |    55 |   144 ||   199
